 Dungeon Crawl Stone Soup version 0.21-a0-352-g5b8f553 (webtiles) character file.

95 Coron the Charlatan (level 4, -1/42 HPs)
             Began as a Deep Dwarf Artificer on Oct 11, 2017.
             Slain by Natasha (5 damage)
             ... on level 3 of the Dungeon.
             The game lasted 00:04:43 (1701 turns).

Coron the Charlatan (Deep Dwarf Artificer)          Turns: 1701, Time: 00:04:44

Health: -1/42      AC:  4    Str: 17    XL:     4   Next: 39%
Magic:  7/7        EV: 12    Int: 11    God:
Gold:   114        SH:  0    Dex: 16    Spells: 3/3 levels left

rFire    . . .     SeeInvis .   w - +0 mace
rCold    . . .     Gourm    .   (no shield)
rNeg     . . .     Faith    .   b - +0 leather armour
rPois    .         Spirit   .   h - +0 helmet
rElec    .         Reflect  .   (no cloak)
rCorr    .         Harm     .   (no gloves)
MR       .....                  (no boots)
Stlth    ++........             (no amulet)
HPRegen  0.00/turn              o - +3 ring of dexterity
MPRegen  0.10/turn              (no ring)

@: non-regenerating
A: damage resistance, heal wounds, sense surroundings 1, no regeneration
a: Heal Wounds


You were on level 3 of the Dungeon.
You were hungry.

You visited 1 branch of the dungeon, and saw 3 of its levels.

You collected 114 gold pieces.

Inventory:

Hand Weapons
 a - a +0 short sword
 w - a +0 mace (weapon)
Missiles
 j - 2 javelins (quivered)
Armour
 b - a +0 leather armour (worn)
 h - a +0 helmet (worn)
 v - a +0 chain mail
Jewellery
 o - a +3 ring of dexterity (left hand)
Wands
 c - a wand of flame (13/48)
 d - a wand of enslavement (15/24)
 e - a wand of random effects (15/48)
 s - a wand of polymorph (6/24)
 y - a wand of polymorph (12/24)
Scrolls
 i - a scroll of fear {unknown}
 k - a scroll of random uselessness {unknown}
 l - a scroll of immolation {unknown}
 m - a scroll of identify {unknown}
 q - a scroll of enchant armour {unknown}
 r - a scroll of teleportation
Potions
 g - 4 potions of lignification {unknown}
 n - 2 potions of curing {unknown}
 t - a potion of experience {unknown}
 u - a potion of invisibility {unknown}
Comestibles
 f - 4 bread rations
 p - 2 royal jellies
 x - a chunk of flesh


   Skills:
 - Level 3.1 Fighting
 - Level 1.0 Short Blades
 + Level 0.8 Maces & Flails
 - Level 2.1 Armour
 - Level 2.1 Dodging
 - Level 1.2 Stealth
 - Level 4.0 Evocations


You had 3 spell levels left.
You didn't know any spells.

Dungeon Overview and Level Annotations

Branches:
Dungeon (3/15)

Altars:

Annotations:
D:3 Natasha


Innate Abilities, Weirdness & Mutations

You are resistant to damage.
You can heal yourself by infusing magical energy.
You passively map a small area around you.
You do not regenerate.


Message History

You barely miss Natasha. Natasha completely misses you.
You closely miss Natasha. Natasha barely misses you. Natasha claws you.
You hit Natasha.
Natasha is lightly wounded.
Natasha barely misses you.
You sock Natasha!
Natasha is severely wounded.
Natasha completely misses you.
You hit Natasha but do no damage.
Natasha is severely wounded.
Natasha claws you.
* * * LOW HITPOINT WARNING * * *
Natasha closely misses you.
You hit Natasha.
Natasha is almost dead.
Natasha claws you but does no damage.
You hit Natasha but do no damage.
Natasha is almost dead.
Natasha claws you.
You die...

,...###.# ##.....<....
**#..#.. ##... .......
<.####... * ##...#.h......
........#####..#.#........
* , #(...).##.............
* ##.###....##.##.......
######......####.#........
,
##........#....##h.........
..<###.##.#.....@##........
,
#####..##.#.#....##........
#.## ...#....##........ *
#. ##.......#......... #.
#..#......##.(.... #.
#..##....##* ##..##* #. ..#
#..... #.# #. ## #...... *
, * *


You could see Natasha.

Vanquished Creatures
  A gnoll (D:1)
  2 adders
  2 oozes (D:1)
  A worm (D:2)
  A dart slug (D:2)
  3 giant cockroaches
  7 goblins
  6 hobgoblins
  11 kobolds
  A ball python (D:1)
  6 bats
  5 frilled lizards (D:1)
  7 rats
53 creatures vanquished.

Notes
Turn   | Place    | Note
-------+----------+-------------------------------------------
     0 | D:1      | Coron the Deep Dwarf Artificer began the quest for the Orb.
     0 | D:1      | Reached XP level 1. HP: 16/16 MP: 3/3
    39 | D:1      | Reached skill level 1 in Fighting
    39 | D:1      | Reached skill level 1 in Short Blades
    49 | D:1      | Reached skill level 1 in Armour
    49 | D:1      | Reached XP level 2. HP: 25/25 MP: 5/5
   336 | D:1      | Reached XP level 3. HP: 32/32 MP: 6/6
  1067 | D:2      | Reached XP level 4. HP: 24/40 MP: 7/7
  1680 | D:3      | Noticed Natasha
  1701 | D:3      | Slain by Natasha

Vault maps used:
D:1:      moated_graveyard_arrival, minivault_4, minmay_pentomino_u4
D:3:      kennysheep_big_empty_room, uniq_natasha

Skill      XL: |  1  2  3  4 |
---------------+-------------+-----
Fighting       | 1 2 3 |  3.1
Short Blades   | 1 |  1.0
Armour         | 1 2 |  2.1
Maces & Flails | |  0.8
Dodging        | |  2.1
Stealth        | |  1.2
Evocations     | |  4.0

Action                   |  1- 3 |  4- 6 || total
-------------------------+-------+-------++-------
Melee: Short sword       |   140 |    29 ||   169
       Mace              |       |    32 ||    32
Evoke: Wand              |       |     2 ||     2
  Use: Scroll            |     1 |       ||     1
 Stab: Sleeping          |     3 |       ||     3
  Eat: Chunk             |     1 |     1 ||     2
Armor: Leather armour    |    41 |    16 ||    57
Dodge: Dodged            |    99 |    43 ||   142

Table legend:
 A = Spawn XP
 B = Non-spawn XP
 C = Spawn XP percentage of total XP
 D = Spawn monster count
 E = Non-spawn monster count
 F = Spawn count percentage of total count
 G = Total turns spent on level
                    A         B        C        D         E        F      G
               +---------+---------+-------+---------+---------+-------+---------
         Total |       0 |     136 |   0.0 |       0 |      53 |   0.0 |  1701
               +---------+---------+-------+---------+---------+-------+---------
           D:1 |       0 |      70 |   0.0 |       0 |      30 |   0.0 |   847
           D:2 |       0 |      50 |   0.0 |       0 |      20 |   0.0 |   789
           D:3 |       0 |      16 |   0.0 |       0 |       3 |   0.0 |    65
               +---------+---------+-------+---------+---------+-------+---------
